Map: Proxima Station LE

Players

Pokebunny

  • Race: Terran Terran
  • Spawn Location: 7:00

BLY - Winner!

  • Race: Zerg Zerg
  • Spawn Location: 1:00

Event: WCS Austin 2017

VOD

Have the link to the VOD?

Description

Time

  • Played on: April 28, 2017, 4:35 p.m.
  • Length: 9:23

All games in this series

Show
View Real Time Build Order
Export as new Build Order

Pokebunny Terran 

Build Orders: Reaper Expand, MMM Bio 

Get SALT Encoding   

  12  0:00  SCV  
  13  0:12  SCV  
  14  0:17  Supply Depot  
  14  0:24  SCV  
  15  0:28  Refinery  
  15  0:39  SCV  
  16  0:45  Barracks  
  16  0:51  SCV  
  17  1:03  SCV  
  18  1:15  SCV  
  19  1:32  Reaper, Orbital Command  
  20  1:43  Command Center  
  20  1:54  Factory  
  20  1:58  SCV  
  21  2:03  Refinery  
  21  2:07  Barracks Reactor  
  21  2:10  SCV  
  22  2:16  Supply Depot  
  22  2:22  SCV  
  23  2:38  SCV  
  23  2:40  Starport  
  23  2:43  Factory Tech Lab  
  24  2:44  Marine x2  
  24  2:50  SCV  
  27  2:56  Orbital Command  
  27  3:02  Marine x2, SCV  
  30  3:09  Siege Tank  
  33  3:14  SCV  
  34  3:21  Marine  
  34  3:22  Medivac, Marine  
  34  3:24  SCV  
  38  3:28  SCV  
  39  3:36  Supply Depot  
  39  3:41  Marine  
  39  3:42  Marine  
  39  3:46  Siege Tank  
  44  3:48  SCV x2  
  44  3:55  Supply Depot  
  46  3:59  Marine x2  
  46  4:02  Medivac, SCV x2  
  52  4:14  SCV x2  
  54  4:23  Command Center  
  54  4:30  Factory Reactor  
  51  4:42  Marine  
  51  4:43  Stimpack  
  51  4:44  SCV x2  
  53  4:53  Starport Reactor  
  53  4:55  Barracks, Engineering Bay  
  53  4:56  Engineering Bay  
  53  4:57  Refinery, Barracks  
  53  4:58  Supply Depot, Refinery, SCV  
  54  5:03  SCV  
  55  5:11  SCV  
  55  5:12  Marine  
  57  5:15  SCV  
  58  5:23  Factory Reactor, Terran Infantry Weapons Level 1  
  58  5:25  Terran Infantry Armor Level 1  
  58  5:30  Missile Turret, Marine  
  58  5:31  Missile Turret  
  59  5:38  Missile Turret  
  59  5:40  Orbital Command  
  59  5:48  Marine  
  60  5:52  Marine x3  
  60  5:53  Marine  
  59  6:05  Marine, SCV x2  
  59  6:09  Marine  
  59  6:10  Marine x2  
  58  6:13  Marine  
  58  6:17  SCV x2  
  58  6:21  Missile Turret  
  58  6:26  Widow Mine x2  
  58  6:28  Medivac x2, Barracks x2  
  58  6:29  Marine  
  58  6:30  Marine  
  68  6:35  Armory  
  68  6:37  Marine  
  68  6:38  Marine  
  69  6:42  Marine  
  69  6:46  Combat Shields  
  69  6:47  SCV  
  69  6:48  SCV, Orbital Command  
  71  6:55  Widow Mine x2  
  71  7:00  SCV x2  
  77  7:01  Marine x4  
  77  7:02  Marine  
  82  7:09  Supply Depot  
  82  7:13  SCV  
  82  7:14  SCV  
  82  7:16  Barracks Reactor  
  82  7:17  Barracks Reactor  
  82  7:18  SCV  
  82  7:20  Missile Turret  
  82  7:22  Marine  
  84  7:23  Marine  
  84  7:27  Marine x2  
  84  7:31  SCV x2  
  84  7:35  Missile Turret  
  86  7:37  Marine  
  86  7:41  Supply Depot  
  86  7:43  SCV  
  85  7:44  Supply Depot  
  85  7:50  Supply Depot, SCV x2  
  87  7:53  Widow Mine  
  87  7:55  Widow Mine  
  91  8:00  Medivac  
  91  8:03  Medivac  
  95  8:07  Marine x2  
  95  8:10  SCV x2  
  95  8:11  SCV  
  100  8:15  Supply Depot  
  98  8:21  Marine  
  98  8:25  Widow Mine  
  98  8:26  Widow Mine, Marine  
  104  8:28  Marine x5  
  104  8:32  Factory  
  104  8:33  SCV x2  
  104  8:34  SCV  
  112  8:43  Medivac x2, Marine x2  
  112  8:44  Barracks  
  112  8:45  Barracks  
  112  8:48  Marine x5  
  121  8:54  Supply Depot  
  123  8:56  Supply Depot  
  123  9:00  SCV x2  
Show
View Real Time Build Order
Export as new Build Order

BLY Zerg - Winner!

Build Orders: Hatch First, Muta Ling Bane 

Get SALT Encoding   

  12  0:01  Drone  
  13  0:12  Overlord  
  13  0:19  Drone  
  14  0:31  Drone x2  
  16  0:38  Drone  
  17  0:51  Hatchery  
  17  0:56  Drone  
  17  1:00  Drone, Extractor  
  17  1:15  Spawning Pool  
  17  1:18  Drone  
  17  1:20  Drone  
  18  1:29  Drone  
  19  1:39  Overlord  
  19  1:49  Drone  
  20  2:01  Queen  
  20  2:03  Queen  
  20  2:04  Metabolic Boost  
  20  2:07  Zergling x2  
  25  2:09  Zergling x2  
  25  2:12  Drone  
  27  2:17  Drone  
  27  2:21  Drone  
  29  2:25  Drone  
  30  2:33  Drone  
  30  2:44  Lair, Queen  
  30  2:47  Overlord  
  32  2:54  Drone x2  
  34  3:00  Drone, Extractor  
  34  3:06  Drone x2  
  36  3:13  Drone x5  
  36  3:16  Drone  
  42  3:22  Overlord  
  42  3:28  Overlord  
  42  3:34  Overlord  
  42  3:39  Queen  
  44  3:42  Overlord  
  44  3:49  Drone  
  44  3:50  Spire  
  44  3:54  Drone  
  44  3:55  Drone x2, Extractor  
  46  4:03  Drone x4  
  46  4:05  Extractor  
  46  4:07  Zergling x2  
  46  4:08  Zergling x2  
  51  4:14  Zergling x4  
  53  4:17  Overseer  
  53  4:22  Drone x3  
  56  4:27  Zergling x8  
  57  4:41  Drone x3  
  60  4:55  Hatchery  
  59  5:01  Drone  
  59  5:04  Mutalisk x5  
  70  5:12  Mutalisk  
  72  5:21  Mutalisk  
  72  5:22  Overlord  
  74  5:33  Overlord  
  74  5:34  Zerg Flyer Armor Level 1  
  74  5:38  Drone x2, Evolution Chamber  
  74  5:39  Evolution Chamber  
  75  5:42  Drone  
  75  5:43  Drone  
  75  5:46  Overlord  
  76  6:05  Mutalisk  
  76  6:06  Mutalisk x2  
  74  6:19  Drone x8  
  74  6:20  Zerg Ground Armor Level 1  
  74  6:23  Zerg Melee Weapons Level 1  
  74  6:24  Drone  
  74  6:25  Drone x5  
  88  6:29  Drone  
  89  6:33  Drone  
  89  6:35  Hatchery  
  89  6:36  Overlord, Baneling Nest  
  88  6:46  Drone x3  
  89  6:50  Drone  
  89  6:52  Extractor x2  
  88  6:55  Mutalisk x2  
  88  6:57  Mutalisk  
  92  7:16  Mutalisk x2  
  96  7:24  Mutalisk  
  98  7:33  Centrifical Hooks  
  98  7:34  Mutalisk  
  98  7:49  Zergling x2  
  98  7:50  Zergling x24  
  111  7:52  Overlord x3  
  111  7:53  Baneling  
  111  7:54  Baneling x7  
  111  7:57  Overlord  
  111  7:59  Overlord  
  111  8:02  Overlord  
  111  8:09  Hatchery  
  110  8:14  Zergling x18  
  110  8:15  Zergling x6  
  112  8:27  Mutalisk x2  
  116  8:40  Zergling x2  
  116  8:41  Zergling x20  
  127  8:43  Baneling  
  127  8:44  Baneling x9  
  127  8:46  Overseer  
  127  8:59  Zergling x22  
  127  9:01  Baneling x9  
Tags
 
Add a new tag
Caveats
  • Supply blocks, unpowered buildings, or Contaminate may cause inaccurate times.
  • Supply counts are checked every 10 seconds.